Map: Vallée des cactus EC

Players

AgCl - Winner!

  • Race: Zerg Zerg

Xenien

  • Race: Terran Terran

VOD

Have the link to the VOD?

Description

Time

  • Played on: May 6, 2015, 8:22 p.m.
  • Length: 29:23
Show
View Real Time Build Order
Export as new Build Order

AgCl Zerg - Winner!

Build Orders: Pool First, Lurkers 

Get SALT Encoding   

  12  0:03  Drone  
  13  0:27  Spawning Pool  
  12  0:47  Extractor  
  11  0:57  Drone  
  12  0:59  Drone  
  12  1:02  Hatchery  
  12  1:11  Drone x2  
  14  1:29  Extractor  
  14  1:30  Zergling x2  
  15  1:33  Overlord  
  15  1:55  Drone x2  
  19  2:02  Drone  
  19  2:07  Burrow  
  18  2:19  Queen  
  20  2:23  Drone  
  21  2:34  Drone  
  21  2:35  Drone x2  
  24  2:43  Drone x2  
  26  2:46  Overlord, Extractor  
  26  2:47  Zergling x2  
  26  2:54  Queen  
  28  3:03  Overlord  
  28  3:12  Drone x2  
  30  3:13  Drone  
  30  3:19  Lair  
  31  3:20  Drone  
  32  3:27  Drone  
  32  3:29  Drone  
  32  3:30  Pneumatized Carapace  
  34  3:34  Drone  
  34  3:41  Drone x3  
  37  3:51  Drone  
  37  3:52  Drone  
  37  3:54  Drone  
  39  3:59  Drone  
  40  4:04  Drone  
  40  4:09  Drone x2  
  43  4:21  Spire  
  43  4:23  Drone  
  43  4:25  Overlord x5  
  43  4:28  Extractor  
  43  4:30  Extractor  
  41  4:35  Spore Crawler  
  41  4:36  Spore Crawler  
  41  4:37  Drone  
  41  4:38  Drone x2  
  42  4:45  Drone x4  
  46  4:58  Drone x3  
  49  5:06  Drone  
  51  5:07  Drone  
  51  5:13  Drone x5  
  56  5:17  Evolution Chamber  
  55  5:29  Overlord x3  
  55  5:34  Zerg Flyer Weapons Level 1  
  55  5:36  Mutalisk x2  
  55  5:38  Hatchery  
  58  5:54  Drone x4, Extractor  
  58  5:55  Drone  
  62  6:00  Extractor  
  62  6:03  Mutalisk  
  63  6:15  Drone x2  
  63  6:16  Hatchery  
  64  6:38  Overlord x4  
  64  6:40  Overlord, Mutalisk x6  
  64  6:42  Drone  
  77  6:58  Drone  
  77  6:59  Drone x2  
  80  7:12  Drone  
  80  7:13  Drone x3, Queen  
  86  7:16  Mutalisk x2  
  90  7:26  Zerg Missile Weapons Level 1  
  90  7:28  Drone x3, Infestation Pit  
  92  7:52  Spore Crawler  
  92  7:54  Mutalisk  
  93  8:03  Hydralisk Den  
  92  8:06  Hive  
  92  8:07  Zerg Flyer Weapons Level 2  
  92  8:11  Drone x6  
  98  8:17  Queen  
  100  8:25  Hatchery  
  99  8:33  Queen  
  101  8:38  Drone x5  
  101  8:39  Drone x3  
  101  8:40  Drone  
  110  8:42  Drone  
  109  8:59  Spine Crawler  
  109  9:02  Spine Crawler  
  105  9:06  Extractor  
  104  9:14  Lurker Den  
  104  9:34  Hydralisk Den  
  104  9:36  Spire  
  102  9:42  Hydralisk x5  
  102  9:43  Hydralisk x7  
  102  9:44  Hydralisk x6  
  102  9:45  Hydralisk x5  
  142  9:50  Extractor  
  147  9:58  Spore Crawler  
  146  10:08  Overlord  
  146  10:09  Overlord x6  
  146  10:10  Overlord x2  
  146  10:16  Zerg Missile Weapons Level 2  
  146  10:20  Evolution Chamber  
  145  10:23  Muscular Augments  
  145  10:38  Drone x4  
  145  10:39  Drone x6  
  155  10:57  Hatchery  
  154  11:07  Hatchery  
  153  11:24  Hydralisk  
  153  11:25  Hydralisk x11  
  177  11:52  Hatchery  
  176  11:56  Zerg Ground Armor Level 1  
  176  12:02  Spine Crawler  
  176  12:04  Spine Crawler x3  
  176  12:05  Spine Crawler  
  176  12:06  Spine Crawler x2  
  176  12:07  Spine Crawler x2  
  176  12:08  Spine Crawler x2  
  166  12:10  Spine Crawler  
  166  12:13  Lurker  
  166  12:14  Lurker x5  
  166  12:15  Lurker x6  
  176  12:16  Lurker x2  
  176  12:17  Lurker  
  176  12:18  Lurker  
  180  12:43  Drone x11  
  180  12:44  Viper x3  
  200  13:33  Nydus Network  
  199  13:39  Extractor  
  198  13:43  Extractor  
  198  13:44  Overlord x9  
  182  14:02  Overseer  
  182  14:03  Overseer  
  182  14:06  Overseer  
  182  14:07  Hatchery  
  181  14:12  Overseer  
  179  14:26  Overseer  
  179  14:27  Extractor x2  
  177  15:04  Hatchery  
  176  15:31  Zergling x8  
  176  15:32  Overlord, Zergling x12  
  186  15:38  Drone  
  186  15:39  Drone x8  
  186  15:40  Drone x2  
  197  15:52  Overseer  
  197  16:15  Zerg Flyer Weapons Level 3  
  197  16:17  Zerg Flyer Armor Level 1  
  197  16:32  Queen  
  197  16:37  Spine Crawler  
  197  16:38  Spore Crawler  
  197  16:48  Spore Crawler  
  197  16:50  Spine Crawler  
  175  18:11  Spore Crawler x2  
  173  18:12  Spore Crawler  
  173  18:14  Spore Crawler x2  
  173  18:15  Spore Crawler x2  
  173  18:16  Spore Crawler  
  173  18:17  Spore Crawler x3  
  164  18:22  Spore Crawler  
  164  18:25  Spore Crawler  
  162  18:45  Metabolic Boost  
  162  18:48  Zerg Missile Weapons Level 3  
  162  18:50  Zerg Ground Armor Level 2  
  150  19:38  Viper  
  150  19:43  Lair  
  150  19:45  Zergling x22  
  160  19:46  Zergling x40  
  160  19:47  Zergling x2  
  185  20:04  Adrenal Glands  
  185  20:53  Overseer  
  153  21:26  Zerg Melee Weapons Level 1  
  153  21:34  Zerg Ground Armor Level 3  
  127  21:40  Zerg Flyer Armor Level 2  
  127  21:46  Spine Crawler  
  127  21:47  Spine Crawler  
  125  21:48  Spine Crawler x2  
  125  21:50  Spine Crawler  
  117  22:28  Hydralisk x4  
  117  22:29  Hydralisk x6  
  131  22:30  Hydralisk x6  
  131  22:31  Hydralisk x3  
  131  22:32  Hydralisk x2  
  131  22:33  Hydralisk  
  131  22:34  Zergling x8  
  131  22:35  Zergling x6  
  168  23:16  Queen  
  170  23:29  Queen  
  172  24:08  Overseer x2  
  172  24:09  Overseer  
  172  24:12  Overseer  
  172  24:16  Overseer  
  172  24:21  Lurker x3  
  172  24:22  Lurker x6  
  172  24:24  Lurker  
  162  25:36  Zergling x6  
  162  25:37  Zergling x46  
  162  25:38  Zergling x18  
  162  25:40  Zerg Melee Weapons Level 2  
  197  25:43  Zerg Flyer Armor Level 3  
  189  26:40  Viper  
  189  26:41  Viper x2  
  198  27:30  Spine Crawler  
  198  27:34  Overseer  
  197  27:38  Mutalisk  
  199  27:49  Pathogen Glands  
  199  28:29  Nydus Canal  
  199  28:43  Nydus Canal  
  199  28:57  Nydus Canal  
Show
View Real Time Build Order
Export as new Build Order

Xenien Terran 

Build Orders:  

Get SALT Encoding   

  12  0:03  SCV  
  13  0:15  SCV  
  14  0:27  SCV  
  15  0:30  Supply Depot  
  15  0:43  Supply Depot  
  15  0:51  SCV  
  15  0:55  Barracks  
  16  1:03  SCV  
  17  1:15  SCV  
  18  1:23  Refinery  
  18  1:28  SCV  
  18  1:29  Supply Depot  
  19  1:40  SCV  
  20  1:52  SCV, Supply Depot  
  21  2:03  Refinery  
  21  2:04  SCV  
  22  2:09  Barracks Tech Lab  
  22  2:16  SCV  
  22  2:22  Supply Depot  
  23  2:28  SCV, Engineering Bay  
  24  2:37  Combat Shields  
  24  2:40  SCV  
  24  2:41  Marine  
  26  2:45  Supply Depot  
  26  2:59  Marine  
  26  3:02  Ghost Academy  
  27  3:16  Marine  
  28  3:20  Terran Infantry Weapons Level 1  
  28  3:34  Marine  
  29  3:44  Factory  
  29  3:52  Marine  
  30  4:02  Concussive Shells  
  30  4:10  Marine  
  31  4:23  Personal Cloaking  
  31  4:28  Marauder  
  33  4:36  Missile Turret  
  33  4:50  Marauder  
  35  4:56  Factory Tech Lab  
  35  4:57  Missile Turret  
  35  5:14  Hi-Sec Auto Tracking  
  35  5:42  Cyclone  
  38  5:58  Missile Turret  
  38  6:07  Marauder  
  38  6:09  Nuke  
  40  6:27  Ghost  
  42  6:36  Command Center  
  42  6:56  Ghost  
  44  7:25  Marauder  
  46  7:36  Missile Turret  
  46  7:39  Missile Turret  
  46  7:43  Missile Turret  
  46  7:45  Missile Turret  
  46  7:46  Missile Turret  
  46  7:49  Missile Turret  
  46  8:05  Missile Turret  
  46  8:16  Planetary Fortress  
  46  8:22  Orbital Command  
  46  8:25  Missile Turret  
  46  8:45  Missile Turret  
  46  9:22  Missile Turret  
  46  9:25  Missile Turret  
  46  9:33  Missile Turret  
  46  9:34  Missile Turret  
  46  9:41  Bunker  
  46  9:42  Neosteel Frame  
  46  9:44  Missile Turret  
  46  9:47  Missile Turret  
  46  9:49  Stimpack  
  46  9:54  Missile Turret  
  46  9:57  Armory  
  46  10:04  Refinery  
  46  10:09  Refinery  
  46  10:22  Missile Turret  
  46  10:58  Unknown  
  46  11:01  Building Armor  
  46  11:26  Starport  
  46  11:33  Sensor Tower  
  46  12:22  Fusion Core  
  46  12:34  Starport Tech Lab  
  46  12:43  Terran Infantry Weapons Level 2  
  46  12:47  Terran Vehicle And Ship Armor Level 1  
  46  13:44  Nuke  
  46  13:51  Ghost Academy  
  46  13:52  Ghost Academy  
  52  14:30  Siege Tank  
  47  15:01  Nuke  
  47  15:02  Siege Tank  
  50  15:10  Terran Infantry Weapons Level 3  
  50  15:12  Marauder  
  52  15:21  Barracks  
  52  15:25  Supply Depot x2  
  52  15:27  Supply Depot  
  52  15:33  Marauder  
  52  15:34  Siege Tank  
  57  15:49  Supply Depot  
  57  15:50  Supply Depot  
  57  15:55  Marauder  
  59  16:06  Siege Tank  
  59  16:11  Viking  
  62  16:16  Marauder  
  64  16:30  Barracks Reactor, Missile Turret  
  64  16:38  Siege Tank  
  67  16:41  Viking  
  69  16:48  Missile Turret  
  69  17:08  Missile Turret  
  67  17:28  Missile Turret  
  67  17:46  Unknown  
  67  17:50  Marine x2  
  69  17:57  Marine  
  70  18:03  Terran Infantry Armor Level 1  
  70  18:06  Nuke  
  70  18:08  Marine x2  
  72  18:12  Supply Depot  
  72  18:15  Marine  
  73  18:26  Marine x2  
  75  18:33  Marine  
  76  18:35  Supply Depot  
  76  18:44  Marine x2  
  78  18:51  Missile Turret, Marine  
  79  18:57  Supply Depot  
  78  19:09  Marine  
  41  19:49  Siege Tank  
  44  19:59  Ghost  
  46  20:21  Siege Tank  
  49  20:53  Siege Tank  
  51  21:26  Siege Tank  
  52  21:47  Terran Infantry Armor Level 2  
  52  21:49  Nuke  
  52  21:58  Siege Tank  
  49  23:14  Thor  
  55  23:32  Missile Turret  
  55  23:35  Missile Turret  
  55  23:37  Marine x2  
  57  23:52  Bunker  
  57  23:54  Marine  
  57  23:55  Marine  
  59  23:56  Thor  
  65  24:12  Marine x2  
  67  24:30  Marine x2  
  69  24:39  Thor  
  51  25:26  Missile Turret  
  51  25:27  Missile Turret  
  51  25:54  Ghost  
  53  26:20  Terran Vehicle and Ship Weapons Level 1  
  53  26:22  Nuke  
  53  26:45  Siege Tank  
  56  27:17  Siege Tank  
  59  27:49  Siege Tank  
Tags
 
Add a new tag
Caveats
  • Supply blocks, unpowered buildings, or Contaminate may cause inaccurate times.
  • Supply counts are checked every 10 seconds.